 Dungeon Crawl Stone Soup version 0.26-a0-541-g3b3d21e777 (webtiles) character file.

Game seed: 5306536154214629829

44 Descartes the Shield-Bearer (level 3, 0/30 HPs)
             Began as a Formicid Fighter on Aug 16, 2020.
             Slain by a worm (8 damage)
             ... on level 1 of the Dungeon.
             The game lasted 00:02:51 (1046 turns).

Descartes the Shield-Bearer (Formicid Fighter)      Turns: 1046, Time: 00:02:51

Health: 0/30       AC:  7    Str: 20    XL:     3   Next: 87%
Magic:  3/3        EV:  8    Int:  8    God:
Gold:   43         SH:  9    Dex: 10    Spells: 2/2 levels left

rFire    . . .     SeeInvis +   a - +0 long sword
rCold    . . .     Faith    .   c - +0 kite shield
rNeg     . . .     Spirit   .   b - +0 scale mail
rPois    .         Reflect  .   (helmet unavailable)
rElec    .         Harm     .   (no cloak)
rCorr    .                      (no gloves)
MR       .....                  (no boots)
Stlth    ..........             (no amulet)
HPRegen  0.10/turn              (no ring)
MPRegen  0.08/turn              (no ring)

@: lethally poisoned (0 -> -3)
A: permanent stasis, dig shafts and tunnels, four strong arms, antennae 3
a: Dig, Shaft Self


You were on level 1 of the Dungeon.
You visited 1 branch of the dungeon, and saw 2 of its levels.

You collected 43 gold pieces.

Inventory:

Hand Weapons
 a - a +0 long sword (weapon)
 m - a +0 vorpal hunting sling
 n - a +0 dagger of freezing
Missiles
 g - 18 arrows
 h - 45 stones (quivered)
 l - 13 bolts
Armour
 b - a +0 scale mail (worn)
 c - a +0 kite shield (worn)
Scrolls
 e - a scroll of noise {unknown}
 f - a scroll of magic mapping {unknown}
 j - a scroll of teleportation {unknown}
 k - a scroll of remove curse {unknown}
Potions
 d - a potion of might
 i - a potion of flight {unknown}


   Skills:
 + Level 3.9 Fighting
 - Level 2.0 Long Blades
 + Level 3.9 Armour
 + Level 4.2 Shields


You had 2 spell levels left.
You didn't know any spells.
Your spell library was empty.

Dungeon Overview and Level Annotations

Branches:
Dungeon (2/15)

Altars:


Innate Abilities, Weirdness & Mutations

You cannot be hasted, slowed, berserked, paralysed or teleported.
You can dig through walls and to a lower floor.
Your four strong arms can wield two-handed weapons with a shield.
You have a pair of large antennae on your head. (SInv)


Message History

You hit the adder.
The adder is almost dead.
You feel sick. The adder bites you. The adder barely misses you.
You hit the adder but do no damage.
The adder is almost dead.
You block the adder's attack. The adder barely misses you.
You hit the adder but do no damage.
The adder is almost dead.
You feel sick. The adder bites you.
You miss the adder.
The adder is almost dead.
You feel sick. You block the adder's attack.
The adder bites you but does no damage.
You slash the adder!
You kill the adder!
You hit the worm but do no damage.
You feel sick. You block the worm's attack.
You slash the worm!
The worm is heavily wounded.
The worm bites you!
You die...

.<..♣.≈≈.............#
♣....≈≈..##..........#
..♣.≈≈..###..........#
≈≈≈≈≈..## ###........#
......## ####'#####
.....## #.# ......#######
#.# ............# #.#
............# #@#
............# #w#
.....#......####.#
.....#[.##.......#
.....##.##.......#
.....##..#.......########
.....###.#..............#
.....# #.#.....).)......#
.....###..####.†>)......#


You could see a worm.

Vanquished Creatures
  2 adders (D:1)
  An ooze (D:1)
  A leopard gecko (D:1)
  2 bats (D:1)
  A giant cockroach (D:1)
  3 goblins (D:1)
  5 hobgoblins
  5 kobolds
  A rat (D:1)
21 creatures vanquished.

Notes
Turn   | Place    | Note
-------+----------+-------------------------------------------
     0 | D:1      | Descartes the Formicid Fighter began the quest for the Orb.
     0 | D:1      | Reached XP level 1. HP: 18/18 MP: 1/1
   183 | D:1      | Reached XP level 2. HP: 24/24 MP: 2/2
   564 | D:2      | Reached skill level 4 in Shields
   801 | D:1      | Reached XP level 3. HP: 19/30 MP: 3/3
  1046 | D:1      | Slain by a worm

Illustrated notes

Levels and vault maps discovered:
D:1:      moated_graveyard_arrival, layout_basic
D:2:      layout_rooms, kennysheep_ying_yang

Skill      XL: |  1  2 |
---------------+-------+-----
Shields        | 4 |  4.2
Fighting       | |  3.9
Long Blades    | |  2.0
Armour         | |  3.9

Action                   || total
-------------------------++-------
Melee: Long sword        ||   101
Armor: Scale mail        ||    55
Dodge: Dodged            ||    48
Block: Kite shield       ||    65
       Rpst.: Long sword ||    10

Table legend: (Time is in decaauts)
 A = Elapsed time spent in this place.
 B = Non-inter-level travel time spent in this place.
 C = Inter-level travel time spent in this place.
 D = Time resting spent in this place.
 E = Time spent auto-exploring this place.
 F = Levels seen in this place.
 G = Mean time per level.
                   A        B        C        D        E       F      G
               +--------+--------+--------+--------+--------+-----+--------+
         Total |   1085 |   1038 |     47 |    191 |    593 |   2 |  542.5 |
       Dungeon |   1085 |   1038 |     47 |    191 |    593 |   2 |  542.5 |
               +--------+--------+--------+--------+--------+-----+--------+

Top non-repeatable levels by time:
     D:1: 1024 daAuts
     D:2: 61 daAuts
